AoeStats
← Red Hood

MegaRandom

510530120Analyzed
4v4 RM · 1d ago on Oct 1, 2026· 57m 16s· 8 players
Game mode
Random Map
Map size
Large (8 player)
Population
200
Speed
Normal
Resources
Standard
Victory
Conquest
Starting age
Dark Age
Ending age
Imperial Age
RankedLock teamsTeams togetherTeam positionsShared explorationLock speedFull tech treeHidden civsTurbo modeCheats
Victory
Defeat
🇧🇷 Britons · Brazil
715
+14
🇺🇸 Khmer · United States
713
+14
679
+16
🇫🇷 Teutons · France
678
+15
🇨🇳 Italians · China
691
-15
🇨🇳 Britons · China
669
-15
🇨🇳 Lithuanians · China
668
-15
🇸🇰 Vikings · Slovakia
639
-14
ApollonTour
0:34 Loom
12:39 Feudal Age
20:50 Castle Age
19:04 Horse Collar
19:19 Double-Bit Axe
20:52 Stone Mining
20:57 Gold Mining
21:59 Wheelbarrow
23:23 Heavy Plow
23:38 Bow Saw
23:18 Town Watch
24:44 Hand Cart
35:33 Imperial Age
34:33 Stone Shaft Mining
33:52 Fletching
34:37 Ballistics
35:12 Ironclad
34:55 Bodkin Arrow
36:20 Town Patrol
37:17 Conscription
38:36 Chemistry
37:47 Masonry
37:50 Fortified Wall
39:15 Two-Man Saw
38:55 Crop Rotation
38:48 Caravan
39:40 Heavy Scorpion
41:07 Siege Engineers
43:42 Crenellations
45:09 Forging
45:00 Scale Mail Armor
51:39 Pikeman
52:05 Gambesons
52:21 Squires
52:07 Arson
53:52 Iron Casting
54:00 Chain Mail Armor
56:27 Blast Furnace
56:25 Plate Mail Armor
55:21 Halberdier
Horizon
0:42 Loom
12:46 Feudal Age
17:58 Castle Age
16:41 Double-Bit Axe
16:38 Horse Collar
18:06 Stone Mining
20:48 Bow Saw
26:42 Wheelbarrow
33:17 Hand Cart
37:53 Imperial Age
37:19 Scale Mail Armor
37:25 Scale Barding Armor
37:31 Forging
37:26 Tusk Swords
38:44 Elite Battle Elephant
40:49 Chain Mail Armor
41:10 Iron Casting
44:02 Double Crossbow
46:29 Chain Barding Armor
47:10 Blast Furnace
52:16 Plate Barding Armor
54:56 Pikeman
55:22 Arson
55:54 Elite Ballista Elephant
56:10 Halberdier
ZzzzzzCamilaVuelvePorfavor
8:02 Loom
capitaoJOE
10:42 Feudal Age
15:38 Castle Age
14:43 Town Watch
15:34 Wheelbarrow
14:43 Horse Collar
14:52 Double-Bit Axe
19:23 Gold Mining
20:17 Bow Saw
20:29 Stone Mining
22:15 Gold Shaft Mining
22:26 Heavy Plow
24:45 Hand Cart
24:15 Loom
29:19 Imperial Age
26:53 Padded Archer Armor
27:32 Fletching
27:58 Leather Archer Armor
29:13 Crossbowman
29:13 Elite Skirmisher
30:01 Caravan
31:27 Two-Man Saw
30:48 Bodkin Arrow
34:06 Arbalester
36:12 Bracer
37:21 Chemistry
36:52 Ballistics
36:44 Masonry
40:19 Ring Archer Armor
40:18 Elite Longbowman
41:36 Hoardings
43:12 Yeomen
46:22 Murder Holes
46:18 Guard Tower
46:14 Arrowslits
Red Hood
12:24 Feudal Age
13:27 Double-Bit Axe
19:07 Castle Age
20:20 Stone Mining
20:45 Bow Saw
21:20 Horse Collar
25:26 Fletching
26:19 Ballistics
29:27 Heavy Plow
33:55 Imperial Age
31:30 Padded Archer Armor
33:43 Loom
34:37 Wheelbarrow
34:18 Bodkin Arrow
35:10 Conscription
35:13 Elite Genoese Crossbowman
37:33 Chemistry
36:30 Murder Holes
40:03 Bloodlines
39:55 Husbandry
39:18 Light Cavalry
42:20 Two-Man Saw
40:56 Hussar
42:06 Hand Cart
42:34 Bracer
43:31 Fortified Wall
43:32 Masonry
43:37 Forging
43:33 Scale Barding Armor
43:44 Leather Archer Armor
44:20 Crop Rotation
46:13 Iron Casting
45:59 Chain Barding Armor
47:46 Hoardings
50:22 Blast Furnace
49:57 Plate Barding Armor
鬼才
0:32 Loom
18:17 Feudal Age
19:35 Wheelbarrow
19:26 Man-at-Arms
19:52 Arson
22:24 Horse Collar
22:34 Double-Bit Axe
30:40 Castle Age
31:55 Forging
31:50 Scale Barding Armor
32:57 Hand Cart
32:28 Town Watch
32:46 Heavy Plow
33:00 Bow Saw
35:26 Stone Mining
35:30 Gold Mining
36:14 Fortified Wall
36:14 Masonry
37:08 Masonry
38:15 Stone Shaft Mining
37:41 Treadmill Crane
39:45 Iron Casting
39:32 Bloodlines
40:37 Caravan
41:40 Husbandry
42:20 Chain Barding Armor
46:42 Imperial Age
46:59 Elite Leitis
48:08 Conscription
48:29 Plate Barding Armor
48:57 Architecture
Slopers
12:54 Feudal Age
15:05 Double-Bit Axe
15:08 Horse Collar
17:17 Man-at-Arms
21:20 Gold Mining
21:20 Stone Mining
26:40 Castle Age
28:45 Gold Shaft Mining
28:21 Bow Saw
28:14 Heavy Plow
37:15 Fletching
37:26 Padded Archer Armor
37:36 Forging
37:26 Scale Mail Armor
37:32 Scale Barding Armor
40:20 Squires
40:05 Arson
41:01 Iron Casting
40:42 Chain Mail Armor
40:22 Bodkin Arrow
40:43 Leather Archer Armor
43:01 Imperial Age
43:29 Elite Berserk
46:09 Chemistry
52:19 Blast Furnace
51:49 Plate Mail Armor
51:40 Chain Barding Armor
51:21 Bracer
51:52 Ring Archer Armor
爷
0:46 Loom
10:28 Feudal Age
19:05 Castle Age
19:18 Fletching
23:10 Murder Holes
24:07 Horse Collar
24:18 Double-Bit Axe
25:34 Gold Mining
26:25 Wheelbarrow
26:35 Bodkin Arrow
27:21 Padded Archer Armor
34:01 Imperial Age
31:53 Hand Cart
32:50 Bow Saw
35:21 Yeomen
35:10 Bracer
36:54 Elite Longbowman
45:50 Ballistics
45:33 Caravan
Connection lost

Rejoining the realm…

Still unreachable

The connection could not be restored.

Session expired

The server has moved on; the page needs a fresh start.